 Dungeon Crawl Stone Soup version 0.24-a0-619-gb7544fd (webtiles) character file.

Game seed: 1233656556894504108, levelgen mode: deterministic

5151 BoppinsLewinski the Grappler (level 10, -7/88 HPs)
             Began as a Troll Monk on Sept 18, 2019.
             Was a Priest of Hepliaklqana.
             Mangled by a nine-headed hydra (12 damage)
             ... on level 1 of the Lair of Beasts.
             The game lasted 00:23:37 (7807 turns).

BoppinsLewinski the Grappler (Troll Monk)           Turns: 7807, Time: 00:23:39

Health: -7/88      AC: 10    Str: 23    XL:     10   Next: 33%
Magic:  8/9        EV: 12    Int:  6    God:    Hepliaklqana [***...]
Gold:   168        SH:  0    Dex: 13    Spells: 9/9 levels left

rFire    . . .     SeeInvis .     - Unarmed
rCold    . . .     Gourm    +   (no shield)
rNeg     + . .     Faith    .   k - +0 troll leather armour
rPois    .         Spirit   .   (helmet restricted)
rElec    .         Reflect  .   x - +0 cloak
rCorr    .         Harm     .   (gloves unavailable)
MR       .....                  (boots unavailable)
Stlth    +.........             g - amulet of regeneration
HPRegen  1.44/turn              (no ring)
MPRegen  0.11/turn              B - ring of positive energy

@: no status effects
A: large, unfitting armour, reduced essence, claws 3, fast metabolism 3,
gourmand, regeneration 1, shaggy fur 1, tough skin 3
a: Recall Ancestor, Ancestor Identity, Transference, Renounce Religion


You were on level 1 of the Lair of Beasts.
You worshipped Hepliaklqana.
Hepliaklqana was most pleased with you.
You were very full.

You visited 3 branches of the dungeon, and saw 10 of its levels.

You collected 420 gold pieces.
You spent 252 gold pieces at shops.

Inventory:

Armour
 k - a +0 troll leather armour (worn)
 x - a +0 cloak (worn)
Jewellery
 g - an amulet of regeneration (around neck)
 B - a ring of positive energy (right claw)
Wands
 l - a wand of clouds (3)
Scrolls
 a - a scroll of amnesia {unknown}
 f - 6 scrolls of teleportation
 h - 3 scrolls of fog
 i - a scroll of random uselessness {unknown}
 j - a scroll of fear {unknown}
 m - 3 scrolls of identify
 n - 3 scrolls of noise {unknown}
 q - 4 scrolls of blinking
 s - 4 scrolls of remove curse
 A - a scroll of enchant armour {unknown}
 D - a scroll of enchant weapon {unknown}
Potions
 c - a potion of heal wounds
 e - a potion of magic
 p - 2 potions of agility
 t - 2 potions of might
 u - a potion of curing
 v - a potion of berserk rage
 w - a potion of resistance
 z - a potion of brilliance
 E - a potion of flight {unknown}
Comestibles
 b - 21 rations


   Skills:
 + Level 6.2 Fighting
 + Level 5.6 Armour
 + Level 6.2 Dodging
 - Level 1.0 Stealth
 * Level 10.2 Unarmed Combat


You had 9 spell levels left.
You didn't know any spells.
Your spell library contained the following spells:

 Spells                   Type           Power        Failure   Level  Hunger
 Magic Dart               Conj           #...         50%         1    ##.....
 Searing Ray              Conj           #.....       63%         2    ###....
 Dazzling Spray           Conj/Hex       #.....       86%         3    ####...
 Force Lance              Conj/Tloc      #.......     99%         4    #####..
 Fulminant Prism          Conj/Hex       #.........   99%         4    #####..
 Iskenderun's Mystic Bla  Conj           #.......     99%         4    #####..


Dungeon Overview and Level Annotations

Branches:
Dungeon (8/15)             Temple (1/1) D:6            Lair (1/6) D:8

Altars:
Ashenzari
Cheibriados
Dithmenos
Elyvilon
Fedhas
Gozag
Hepliaklqana
Kikubaaqudgha
Makhleb
Nemelex Xobeh
Okawaru
Qazlal
Ru
Sif Muna
Trog
Uskayaw
Vehumet
Wu Jian
Xom
Yredelemnul
Zin
The Shining One

Shops:
D:6 !


Innate Abilities, Weirdness & Mutations

You are too large for most types of armour.
You have claws for hands.
Your metabolism is lightning-fast.
You like to eat raw meat.
Your natural rate of healing is unusually fast.
You are covered in fur. (AC +1)
You have extremely tough skin. (AC +3)
Your life essence is reduced to manifest your ancestor. (-10% HP)


Message History

Tha nine-headed hydra bites ye!
* * * LOW HITPOINT WARNIN'
* * * Tha nine-headed hydra bites ye!
* * * LOW HITPOINT WARNIN'
* * * Tha nine-headed hydra bites ye.
* * * LOW HITPOINT WARNIN'
* * * Tha nine-headed hydra bites ye but does nay damage.
Tha nine-headed hydra closely misses ye.
Onomonpeaus gestures at tha nine-headed hydra while chantin'.
Tha stone arrow hits tha nine-headed hydra!
Unknown command.
Unknown command.
Ye feel much better.
Tha nine-headed hydra bites ye.
Tha nine-headed hydra barely misses ye.
Tha nine-headed hydra bites ye!
* * * LOW HITPOINT WARNIN'
* * * Tha nine-headed hydra bites ye!
* * * LOW HITPOINT WARNIN'
* * * Tha nine-headed hydra bites ye but does nay damage. x2
Tha nine-headed hydra bites ye!
Ye die...

............####
..........###
#.......###
#....#..# ####
#..## ##..##
#...# #
##..##.#####
##R@......#
#.D....####
#.###### #..
#..# #... #..P
..#


You could see the friendly Onomonpeaus the battlemage and a nine-headed hydra.

Vanquished Creatures
  Pikel (D:3)
  A troll (D:3)
  Grinder (D:4)
  Eustachio (D:6)
  3 yaks
  Grum (D:8)
  Menkaure (D:4)
  3 slaves
  A black bear (D:8)
  An orc warrior (D:8)
  3 sky beasts
  4 ogres
  A phantom (D:7)
  2 centaurs
  3 wolves (D:8)
  3 bullfrogs
  3 scorpions
  5 wights (D:6)
  3 howler monkeys
  A centaur zombie (D:4)
  4 crimson imps
  2 hounds
  A centaur skeleton (D:8)
  6 orc wizards
  A quasit (D:5)
  4 orc priests
  3 iguanas
  5 worker ants
  A worker ant zombie (D:8)
  Robin (D:4)
  3 gnolls
  4 adders
  An adder zombie (D:6)
  An adder skeleton (D:5)
  A worm (D:2)
  3 leopard geckos
  21 orcs
  3 giant cockroaches
  12 hobgoblins
  2 jackals (D:2)
  6 kobolds (D:1)
  6 quokkas
  A ball python (D:4)
  5 bats
  3 frilled lizards
  14 goblins
  A leopard gecko zombie (D:5)
  9 rats
166 creatures vanquished.

Vanquished Creatures (collateral kills)
  A komodo dragon (D:8)
  A hippogriff (D:8)
  A howler monkey (D:7)
  A hound (D:8)
  An orc wizard (D:7)
  An adder (D:7)
  An orc (D:8)
7 creatures vanquished.

Vanquished Creatures (others)
  A bat (D:3)
  A plant (D:8)
2 creatures vanquished.

Grand Total: 175 creatures vanquished

Notes
Turn   | Place    | Note
-------+----------+-------------------------------------------
     0 | D:1      | BoppinsLewinski the Troll Monk began the quest for the Orb.
     0 | D:1      | Reached XP level 1. HP: 22/22 MP: 0/0
   226 | D:1      | Reached XP level 2. HP: 29/29 MP: 1/1
   870 | D:1      | Reached XP level 3. HP: 30/36 MP: 2/2
   911 | D:2      | Reached skill level 1 in Armour
  1063 | D:2      | Found a bloodstained altar of Trog.
  1063 | D:2      | Found a faded altar of an unknown god.
  1068 | D:2      | Found a glowing golden altar of the Shining One.
  1070 | D:2      | Found a sparkling altar of Nemelex Xobeh.
  1072 | D:2      | Found a glowing silver altar of Zin.
  1359 | D:2      | Reached XP level 4. HP: 44/44 MP: 3/3
  1442 | D:2      | Found an iron altar of Okawaru.
  1901 | D:3      | Reached skill level 4 in Unarmed Combat
  2361 | D:4      | Reached XP level 5. HP: 40/53 MP: 4/4
  2371 | D:4      | Noticed Robin
  2373 | D:4      | Noticed Pikel
  2373 | D:4      | Noticed a slave
  2374 | D:4      | Noticed a slave
  2376 | D:4      | Noticed a slave
  2379 | D:4      | Noticed a slave
  2399 | D:4      | Killed a slave
  2422 | D:4      | Killed a slave
  2429 | D:3      | Killed a slave
  2612 | D:3      | Killed Pikel
  2612 | D:3      | Reached skill level 5 in Unarmed Combat
  2612 | D:3      | Reached XP level 6. HP: 33/62 MP: 5/5
  2612 | D:3      | Reached XP level 7. HP: 37/68 MP: 6/6
  2896 | D:4      | Killed Robin
  2931 | D:4      | Noticed Grinder
  2948 | D:4      | Killed Grinder
  2948 | D:4      | Reached skill level 6 in Unarmed Combat
  2987 | D:4      | Noticed a troll
  2990 | D:4      | Noticed a yak
  2995 | D:4      | Noticed a yak
  3035 | D:3      | Killed a troll
  3035 | D:3      | Reached XP level 8. HP: 56/78 MP: 7/7
  3245 | D:4      | Found a shattered altar of Ashenzari.
  3287 | D:4      | Reached skill level 7 in Unarmed Combat
  3494 | D:4      | Noticed Menkaure
  3506 | D:4      | Killed Menkaure
  3785 | D:5      | Entered Level 5 of the Dungeon
  3924 | D:5      | Reached skill level 8 in Unarmed Combat
  3934 | D:5      | Found a radiant altar of Vehumet.
  3963 | D:5      | Found a blossoming altar of Fedhas.
  3977 | D:5      | Found a shimmering blue altar of Sif Muna.
  3978 | D:5      | Found a hide-covered altar of Uskayaw.
  4018 | D:5      | Reached skill level 5 in Dodging
  4018 | D:5      | Reached XP level 9. HP: 85/87 MP: 8/8
  4031 | D:5      | Reached skill level 5 in Fighting
  4699 | D:6      | Found a shimmering altar of Xom.
  4788 | D:6      | Noticed Eustachio
  4803 | D:6      | Killed Eustachio
  5080 | D:6      | Found a staircase to the Ecumenical Temple.
  5085 | Temple   | Entered the Ecumenical Temple
  5191 | Temple   | Became a worshipper of Hepliaklqana the Forgotten
  5191 | Temple   | Reached * piety under Hepliaklqana
  5191 | Temple   | Reached ** piety under Hepliaklqana
  5192 | Temple   | Remembered your ancestor Onomonpeaus as a battlemage
  5531 | D:6      | Reached skill level 9 in Unarmed Combat
  5561 | D:6      | Found Reguuxt Quinn's Distillery.
  5564 | D:6      | Bought a potion of might for 48 gold pieces
  5564 | D:6      | Bought a potion of curing for 36 gold pieces
  5564 | D:6      | Bought a potion of berserk rage for 60 gold pieces
  5564 | D:6      | Bought a potion of heal wounds for 60 gold pieces
  5564 | D:6      | Bought a potion of might for 48 gold pieces
  6338 | D:7      | Reached *** piety under Hepliaklqana
  6508 | D:7      | Reached skill level 5 in Armour
  7032 | D:8      | Reached XP level 10. HP: 74/88 MP: 9/9
  7097 | D:8      | Found a staircase to the Lair.
  7423 | D:8      | Noticed Grum
  7427 | D:8      | Reached skill level 10 in Unarmed Combat
  7437 | D:8      | Killed Grum
  7724 | Lair:1   | Entered Level 1 of the Lair of Beasts
  7797 | Lair:1   | Noticed an eight-headed hydra
  7807 | Lair:1   | Mangled by a nine-headed hydra

Levels and vault maps discovered:
D:1:      dpeg_arrival_signposts, layout_basic
D:2:      layout_loops_corners, chequers_temple_overflow_minitemple,
          lemuel_round_altar, nrook_uturn
D:3:      layout_loops_ring
D:4:      layout_loops_cross, kennysheep_mini_moat, first_ration, uniq_robin,
          uniq_menkaure, uniq_pikel, uniq_grinder
D:5:      layout_cave_pods, chequers_temple_overflow_statue_of_worship,
          minmay_misc_feat_ornament
D:6:      wad_pebble_path, layout_layer_cave, xom_teletrap_fun,
          minmay_temple_entry_steel_oval, serial_shops,
          nicolae_shop_behind_doors, uniq_eustachio
D:7:      layout_gridville, grunt_ogre_cave, minivault_4
D:8:      layout_basic, david_lair_shrubbed, chequers_jeans, uniq_grum
Temple:   grunt_temple_mini_profane
Lair:1:   layout_cave_pods

Skill      XL: |  1  2  3  4  5  6  7  8  9 10 |
---------------+-------------------------------+-----
Armour         | 1 2 3 4 5 |  5.6
Unarmed Combat | 4 5 6 8 9 10 | 10.2
Fighting       | 3 4 5 6 |  6.2
Dodging        | 3 4 5 6 |  6.2
Stealth        | |  1.0

Action                   |  1- 3 |  4- 6 |  7- 9 | 10-12 || total
-------------------------+-------+-------+-------+-------++-------
Melee: Unarmed           |   109 |   111 |   260 |    76 ||   556
       Punch             |       |     2 |    10 |     2 ||    14
Invok: Recall Ancestor   |       |       |     1 |     1 ||     2
       Ancestor Life: Ba |       |       |     1 |       ||     1
       Ancestor Identity |       |       |     1 |       ||     1
Evoke: Wand              |       |       |     2 |       ||     2
  Use: Potion            |       |     6 |     2 |     2 ||    10
       Scroll            |       |       |     4 |     1 ||     5
 Stab: Sleeping          |     2 |     2 |     2 |     1 ||     7
       Invisible         |       |    11 |       |       ||    11
  Eat: Chunk             |    11 |    13 |    39 |     6 ||    69
       Ration            |     1 |       |     1 |       ||     2
Armor: Robe              |    36 |    44 |     6 |       ||    86
       Troll leather arm |       |       |    89 |    23 ||   112
Dodge: Dodged            |    59 |   156 |   126 |    41 ||   382

Table legend:
 A = Non-vault XP
 B = Vault XP
 C = Vault XP percentage of total XP
 D = Non-vault monster count
 E = Vault monster count
 F = Vault count percentage of total count
                 A         B        C        D         E       F
            +---------+---------+-------+---------+---------+-------
      Total |    5022 |    2337 |  31.8 |     149 |      20 |  11.8
            +---------+---------+-------+---------+---------+-------
        D:1 |      61 |       0 |   0.0 |      24 |       0 |   0.0
        D:2 |      43 |       0 |   0.0 |      15 |       0 |   0.0
        D:3 |     873 |     637 |  42.2 |      18 |       5 |  21.7
        D:4 |     339 |     475 |  58.4 |       9 |       8 |  47.1
        D:5 |     713 |       0 |   0.0 |      18 |       0 |   0.0
        D:6 |     844 |     203 |  19.4 |      17 |       1 |   5.6
        D:7 |     660 |     127 |  16.1 |      18 |       1 |   5.3
        D:8 |    1489 |     895 |  37.5 |      30 |       5 |  14.3
            +---------+---------+-------+---------+---------+-------
